 Dungeon Crawl Stone Soup version 0.30-a0-42-g806c11bf1d (webtiles) character file.

Game seed: 12821540923536407073

574 SensoryNuts the Slasher (level 7, 0/59 HPs)
             Began as a Red Draconian Fighter on Aug 30, 2022.
             Slain by a gnoll
             ... wielding a +0 halberd
             ... led by a gnoll sergeant
              (3 damage)
             ... on level 4 of the Dungeon.
             The game lasted 00:05:03 (4311 turns).

SensoryNuts the Slasher (Red Draconian Fighter)     Turns: 4311, Time: 00:05:04

Health: 0/59       AC:  6    Str: 18    XL:     7   Next: 12%
Magic:  7/7        EV: 12    Int:  8    God:
Gold:   169        SH:  5    Dex: 13    Spells: 6/6 levels left

rFire   + . .      SeeInvis .    a - +0 long sword
rCold   . . .      Faith    .    b - +0 buckler
rNeg    . . .      Spirit   .    (body armour unavailable)
rPois   .          Reflect  .    (helmet restricted)
rElec   .          Harm     .    (no cloak)
rCorr   .          Rampage  .    (no gloves)
Will    .....                    (no boots)
Stlth   +.........               (no amulet)
HPRegen 0.19/turn                (no ring)
MPRegen 0.10/turn                (no ring)

@: short of breath, flying
A: breathe fire, AC +6, unfitting armour, fire resistance 1, cold-blooded
a: Breathe Fire


You were on level 4 of the Dungeon.
You visited 1 branch of the dungeon, and saw 4 of its levels.

You collected 169 gold pieces.

Inventory:

Hand Weapons
 a - a +0 long sword (weapon)
Armour
 b - a +0 buckler (worn)
Jewellery
 e - a ring of protection from fire
 i - a ring of protection from fire
 k - a +6 ring of intelligence
Wands
 m - a wand of roots (14)
Scrolls
 c - a scroll of identify
 f - 4 scrolls of teleportation
 g - 2 scrolls of immolation
 j - a scroll of fog
 o - a scroll of amnesia {unknown}
 r - a scroll of blinking
Potions
 d - a potion of mutation
 l - 2 potions of lignification
 n - a potion of attraction
 p - a potion of degeneration
 q - a potion of curing


   Skills:
 + Level 4.3 Fighting
 * Level 6.6 Long Blades
 + Level 3.5 Dodging
 + Level 0.6 Stealth
 + Level 3.4 Shields


You had 6 spell levels left.
You didn't know any spells.
Your spell library contained the following spells:

 Spells                   Type           Power      Damage    Failure   Level
 Slow                     Hex            0%         N/A       50%         1
 Summon Small Mammal      Summ           0%         N/A       50%         1
 Call Canine Familiar     Summ           0%         N/A       86%         3
 Confusing Touch          Hex            0%         N/A       86%         3
 Summon Guardian Golem    Hex/Summ       0%         N/A       86%         3
 Vampiric Draining        Necr           0%         2d6       86%         3


Dungeon Overview and Level Annotations

Branches:
Dungeon (4/15)
 Temple: D:4-7

Altars:
Cheibriados
Sif Muna


Innate Abilities, Weirdness & Mutations

You can breathe blasts of fire.
Your fiery red scales are hard. (AC +6)
You cannot fit into any form of body armour.
Your flesh is heat resistant. (rF+)
You are cold-blooded and may be slowed by cold attacks.


Message History

You breathe a blast of fire.
The fiery breath misses the gnoll.
The fiery breath hits the gnoll sergeant!
The gnoll sergeant is heavily wounded.
The fiery breath misses the gnoll.
The gnoll sergeant hits you but does no damage.
You block the gnoll's attack. The gnoll closely misses you.
You barely miss the gnoll.
The gnoll is almost dead.
The gnoll sergeant misses you. The gnoll hits you but does no damage.
The gnoll misses you.
You barely miss the gnoll. You tail-slap the gnoll.
You kill the gnoll!
The gnoll sergeant hits you from afar with a +0 spear!
The gnoll closely misses you.
You hit the gnoll but do no damage.
You tail-slap the gnoll, but do no damage.
The gnoll sergeant barely misses you.
The gnoll hits you from afar with a +0 halberd.
The gnoll hits you with a +0 club.
* * * LOW HITPOINT WARNING * * *
The gnoll sergeant closely misses you. You block the gnoll's attack.
The gnoll completely misses you.
It was a potion of flight.
You feel very buoyant.
You fly up into the air.
The gnoll sergeant hits you but does no damage.
The gnoll hits you from afar with a +0 halberd!
* * * LOW HITPOINT WARNING * * *
The gnoll closely misses you.
You slash the gnoll! You tail-slap the gnoll.
You kill the gnoll!
The gnoll sergeant hits you from afar with a +0 spear.
* * * LOW HITPOINT WARNING * * *
The gnoll hits you from afar with a +0 halberd.
* * * LOW HITPOINT WARNING * * *
You hit the gnoll.
The gnoll is lightly wounded.
The gnoll sergeant hits you but does no damage.
The gnoll hits you from afar with a +0 halberd.
You die...

..#.#
###.#####..#.#.#
....#
#...≈≈≈≈≈≈≈≈≈..#
....#
#...≈##≈≈≈##≈###
....# #...≈#######≈
.#.## #...≈≈#.○.#≈≈
.#.# #...≈≈#...#≈≈
##.# ####≈≈#gg.#≈≈#
#.#######
#≈###g###≈#
#.......#
#≈##≈@≈##≈#
##.##.#.#
#≈≈≈≈.≈≈≈≈#
#.##.#.####........#
#.##.†......########
#.####.######
#......# ########


You could see a gnoll sergeant and 2 gnolls.

Vanquished Creatures
  Sigmund (D:3)
  2 necrophages (D:4)
  An orc priest (D:3)
  An iguana (D:4)
  Jessica (D:3)
  Robin (D:3)
  3 gnolls
  3 adders
  2 worms
  3 dart slugs
  13 orcs
  10 ball pythons
  4 endoplasms
  14 goblins
  13 hobgoblins
  13 jackals
  2 quokkas
  5 bats
  4 frilled lizards
  5 kobolds
  7 rats
108 creatures vanquished.

Notes
Turn   | Place    | Note
-------+----------+-------------------------------------------
     0 | D:1      | SensoryNuts the Draconian Fighter began the quest for the
                  | Orb.
     0 | D:1      | Reached XP level 1. HP: 19/19 MP: 1/1
   246 | D:1      | Reached XP level 2. HP: 7/26 MP: 2/2
   939 | D:1      | Reached XP level 3. HP: 33/33 MP: 3/3
  1519 | D:2      | Found a faded altar of an unknown god.
  1760 | D:2      | Reached skill level 3 in Long Blades
  2064 | D:3      | Reached XP level 4. HP: 10/40 MP: 4/4
  2067 | D:3      | HP: 2/40 [rat (3)]
  2359 | D:3      | Noticed Robin
  2449 | D:3      | Killed Robin
  2450 | D:3      | Reached skill level 4 in Long Blades
  2450 | D:3      | Reached XP level 5. HP: 13/46 MP: 5/5
  2793 | D:3      | Noticed Jessica
  2798 | D:3      | Killed Jessica
  2940 | D:3      | Noticed Sigmund
  3274 | D:3      | Killed Sigmund
  3275 | D:3      | Reached skill level 5 in Long Blades
  3275 | D:3      | Reached XP level 6. HP: 13/52 MP: 6/6
  3919 | D:4      | Found a shimmering blue altar of Sif Muna.
  4079 | D:4      | Found a snail-covered altar of Cheibriados.
  4121 | D:4      | Reached skill level 6 in Long Blades
  4268 | D:4      | Your scales start taking on a fiery red colour.
  4268 | D:4      | Reached XP level 7. HP: 56/59 MP: 7/7
  4268 | D:4      | Gained mutation: Your flesh is heat resistant. (rF+) [Red
                  | Draconian growth]
  4311 | D:4      | Slain by a gnoll

Illustrated notes

Levels and vault maps discovered:
D:1:      pf_arrival_petrified_forest, layout_loops_ring
D:2:      layout_loops_cross, ebering_ecumenical_altar_petrified,
          eino_tiny_chamber
D:3:      layout_basic, uniq_jessica, uniq_sigmund, uniq_robin
D:4:      layout_loops_cross, mainiacjoe_overflow_boulevard,
          mainiacjoe_overflow_concentric_impassable, lightli_minifort

Skill      XL: |  1  2  3  4  5  6 |
---------------+-------------------+-----
Dodging        | 3 |  3.5
Long Blades    | 3 4 5 6 |  6.6
Fighting       | 4 |  4.3
Stealth        | |  0.6
Shields        | |  3.4

Action                   |  1- 3 |  4- 6 |  7- 9 || total
-------------------------+-------+-------+-------++-------
Melee: Long sword        |   112 |   204 |    10 ||   326
       Tailslap          |    11 |    19 |     3 ||    33
 Abil: Breathe Fire      |       |       |     1 ||     1
  Use: Potion            |     2 |     8 |     1 ||    11
       Scroll            |     7 |     2 |       ||     9
 Stab: Sleeping          |       |     1 |       ||     1
Armor: Skin              |    31 |    52 |     5 ||    88
Dodge: Dodged            |    72 |   103 |    14 ||   189
Block: Buckler           |    30 |    37 |     5 ||    72

Table legend: (Time is in decaauts)
 A = Elapsed time spent in this place.
 B = Non-inter-level travel time spent in this place.
 C = Inter-level travel time spent in this place.
 D = Time resting spent in this place.
 E = Time spent auto-exploring this place.
 F = Levels seen in this place.
 G = Mean time per level.
                   A        B        C        D        E       F      G
               +--------+--------+--------+--------+--------+-----+--------+
         Total |   4403 |   4273 |    130 |      0 |   3405 |   4 | 1100.8 |
       Dungeon |   4403 |   4273 |    130 |      0 |   3405 |   4 | 1100.8 |
               +--------+--------+--------+--------+--------+-----+--------+

Top non-repeatable levels by time:
     D:3: 1670 daAuts
     D:1: 1127 daAuts
     D:2: 913 daAuts
     D:4: 691 daAuts
